 Dungeon Crawl Stone Soup version 0.17.1-3-g152610e (webtiles) character file.

138 Heskey the Sneak (level 5, -5/27 HPs)
             Began as a Spriggan Assassin on Mar 29, 2016.
             Killed by divine providence
             ... invoked by an orc priest
              (12 damage)
             ... on level 3 of the Dungeon.
             The game lasted 00:03:10 (1786 turns).

Heskey the Sneak (Spriggan Assassin)                Turns: 1786, Time: 00:03:10

Health: -5/27      AC:  5    Str:  7    XL:     5   Next: 1%
Magic:  6/6        EV: 19    Int: 13    God:
Gold:   141        SH:  0    Dex: 18    Spells: 0 memorised, 4 levels left

rFire  . . .     SeeInvis +     a - +2 dagger
rCold  . . .     Clarity  .     c - +0 robe
rNeg   . . .     SustAt   .     (shield restricted)
rPois  .         Gourm    .     (helmet restricted)
rElec  .         Spirit   .     d - +0 cloak
rCorr  .         Warding  .     (gloves unavailable)
rMut   .         Stasis   .     (boots unavailable)
MR     .....                    o - amulet of regeneration
Stlth  ++++......               (no ring)
                                s - +2 ring of protection

@: very quick, not resistant to hostile enchantments, stealthy
A: unfitting armour, see invisible, herbivore 3, speed 3, slow metabolism 2
a: no special abilities


You were on level 3 of the Dungeon.
You were not hungry.

You visited 1 branch of the dungeon, and saw 3 of its levels.

You collected 141 gold pieces.

Inventory:

Hand Weapons
 a - a +2 dagger (weapon)
 b - a +0 blowgun
Missiles
 e - 19 poisoned needles
 f - 2 curare-tipped needles
Armour
 c - a +0 robe (worn)
 d - a +0 cloak (worn)
Jewellery
 h - an uncursed amulet of resist corrosion
 o - an amulet of regeneration (around neck)
 s - a +2 ring of protection (left hand)
Wands
 v - a wand of heal wounds (3)
 x - a wand of confusion (31)
Scrolls
 i - a scroll of blinking {unknown}
 j - 2 scrolls of random uselessness {unknown}
 k - 3 scrolls of identify {unknown}
 l - 2 scrolls of teleportation {unknown}
 q - a scroll of fog {unknown}
Potions
 m - a potion of cancellation {unknown}
 n - a potion of might {unknown}
 p - 3 potions of agility {unknown}
 r - 2 potions of ambrosia {unknown}
 t - a potion of brilliance {unknown}
 u - a potion of lignification {unknown}
 w - a potion of curing {unknown}
Comestibles
 g - a bread ration


   Skills:
 + Level 2.4 Fighting
 + Level 3.5 Short Blades
 - Level 2.0 Throwing
 + Level 3.3 Dodging
 + Level 7.1 Stealth


You had 4 spell levels left.
You didn't know any spells.

Dungeon Overview and Level Annotations

Branches:
Dungeon (3/15)

Altars:
Ru


Innate Abilities, Weirdness & Mutations

You are tiny and cannot use many weapons and most armour.
You have supernaturally acute eyesight.
You are a herbivore.
You cover ground extremely quickly.
You need consume almost no food.


Message History

You closely miss the orc priest.
The orc priest is severely wounded.
The orc priest mumbles some strange prayers to Beogh against you.
Pain shoots through your body!
* * * LOW HITPOINT WARNING * * *
You are too injured to fight recklessly!
You are too injured to fight recklessly!
You hit the orc priest.
The orc priest is almost dead.
The orc priest misses you.
You hit the orc priest but do no damage.
The orc priest is almost dead.
The orc priest closely misses you.
You hit the orc priest but do no damage.
The orc priest is almost dead.
You barely miss the orc priest.
The orc priest is almost dead.
The orc priest calls down the wrath of Beogh upon you.
Something smites you!
You die...

## ..# #.. .$# ...#
...## # #...## ..... .
.. #...### ...... #
..########...##......
###............)........
........#..###.#@##.###
...... ....# #)#o# .##.#
#..# #.#.# ....#
#..###.#.##.# .##.#
#...........# ....#
#...........# .##.#
#..###.#.#..# .##.# #..#
#.......# .##.#####..#
###.#...#


You could see an orc priest.

Vanquished Creatures
  An orc wizard (D:3)
  A centaur skeleton (D:3)
  3 adders
  An ooze (D:1)
  6 orcs (D:3)
  A ball python (D:2)
  9 hobgoblins (D:2)
  3 kobolds
  A quokka (D:3)
  4 bats
  3 giant cockroaches
  2 giant newts
  6 goblins
  2 jackals (D:1)
  5 rats
48 creatures vanquished.

Notes
Turn   | Place    | Note
--------------------------------------------------------------
     0 | D:1      | Heskey the Spriggan Assassin began the quest for the Orb.
     0 | D:1      | Reached XP level 1. HP: 10/10 MP: 2/2
   134 | D:1      | Reached skill level 6 in Stealth
   239 | D:1      | Reached XP level 2. HP: 13/15 MP: 3/3
   915 | D:2      | Reached XP level 3. HP: 18/18 MP: 4/4
  1502 | D:2      | Found a sacrificial altar of Ru.
  1584 | D:3      | Reached XP level 4. HP: 23/23 MP: 5/5
  1640 | D:3      | Reached skill level 7 in Stealth
  1770 | D:3      | Reached XP level 5. HP: 21/27 MP: 6/6
  1786 | D:3      | Killed from afar by an orc priest

Action                   |  1- 3 |  4- 6 || total
-------------------------+-------+-------++-------
Melee: Dagger            |   110 |    50 ||   160
 Fire: Blowgun           |     3 |       ||     3
 Stab: Sleeping          |    15 |     5 ||    20
